 Dungeon Crawl Stone Soup version 0.21.1-1-g345015f (webtiles) character file.

7495 wotfoxis the Cleaver (level 11, -2/95 HPs)
             Began as a Hill Orc Fighter on Feb 19, 2018.
             Was a Follower of Uskayaw.
             Slain by a 14-headed hydra (9 damage)
             ... on level 8 of the Dungeon.
             The game lasted 01:09:32 (7648 turns).

wotfoxis the Cleaver (Hill Orc Fighter)             Turns: 7648, Time: 01:09:33

Health: -2/95      AC: 26    Str: 23    XL:     11   Next: 16%
Magic:  5/12       EV:  6    Int: 14    God:    Uskayaw [*.....]
Gold:   449        SH: 17    Dex: 10    Spells: 11/12 levels left

rFire    . . .     SeeInvis .   a - +0 war axe
rCold    + . .     Gourm    .   d - +5 shield {rN+}
rNeg     + . .     Faith    +   n - +10 plate armour of Narcissism {+Blink rElec rC+ Stlth-}
rPois    .         Spirit   .   (no helmet)
rElec    +         Reflect  .   (no cloak)
rCorr    .         Harm     .   z - +0 pair of gloves
MR       .....                  A - +0 pair of boots
Stlth    ..........             t - amulet of faith
HPRegen  0.25/turn              u - +6 ring of intelligence
MPRegen  0.13/turn              (no ring)

@: about to teleport
A: no striking features
a: Stomp, Renounce Religion, Evoke Blink


You were on level 8 of the Dungeon.
You worshipped Uskayaw.
Uskayaw was noncommittal.
You were not hungry.

You visited 2 branches of the dungeon, and saw 10 of its levels.

You collected 504 gold pieces.
You spent 55 gold pieces at shops.

Inventory:

Hand Weapons
 a - a +0 war axe (weapon)
 l - a +0 mace of holy wrath {gg}
 B - a +0 glaive
Missiles
 y - a throwing net (quivered)
Armour
 d - a +5 shield of positive energy (worn)
 n - the +10 plate armour of Narcissism (worn) {+Blink rElec rC+ Stlth-}
   (You found it on level 5 of the Dungeon)

   It protects you from cold.
   It insulates you from electricity.
   It lets you blink.
   It makes you less stealthy.
 z - a +0 pair of gloves (worn)
 A - a +0 pair of boots (worn)
Magical Staves
 G - an uncursed staff of wizardry {unknown}
Jewellery
 s - an uncursed amulet of harm
 t - an amulet of faith (around neck)
 u - a +6 ring of intelligence (left hand)
 H - an uncursed ring of protection from cold {unknown}
Wands
 h - a wand of digging (9)
 q - a wand of disintegration (10)
 C - a wand of polymorph (9)
 F - a wand of paralysis (13)
 J - a wand of random effects (36)
Scrolls
 c - a scroll of amnesia {unknown}
 g - a scroll of fog {unknown}
 i - 6 scrolls of remove curse
 j - 7 scrolls of identify
 m - 2 scrolls of enchant armour
 o - a scroll of fear
 p - 2 scrolls of teleportation
 w - a scroll of enchant weapon {unknown}
 x - a scroll of magic mapping {unknown}
Potions
 e - 3 potions of heal wounds
 k - 2 potions of flight
 r - 5 potions of curing
 v - a potion of might
 D - a potion of mutation {unknown}
 E - a potion of cancellation {unknown}
Books
 b - a book of Cantrips

   Spells                             Type                      Level
   a - Confusing Touch                Hexes                        1
   b - Animate Skeleton               Necromancy                   1
   c - Summon Small Mammal            Summoning                    1
   d - Apportation                    Translocation                1
 I - a book of Power

   Spells                             Type                      Level
   a - Iskenderun's Battlesphere      Conjuration/Charms           5
   b - Venom Bolt                     Conjuration/Poison           5
   c - Bolt of Magma                  Conjuration/Fire/Earth       5
   d - Iron Shot                      Conjuration/Earth            6
   e - Orb of Destruction             Conjuration                  7
   f - Spellforged Servitor           Conjuration/Summoning        7
Comestibles
 f - 10 rations


   Skills:
 + Level 8.9 Fighting
 + Level 13.8 Axes
 + Level 7.9 Armour
 + Level 10.0 Shields
 - Level 1.1 Spellcasting
 - Level 1.1 Summonings


You had 11 spell levels left.
You knew the following spells:

 Your Spells              Type           Power        Failure   Level  Hunger
a - Summon Small Mammal   Summ           #...         99%         1    ##.....


Dungeon Overview and Level Annotations

Branches:
Dungeon (9/15)             Temple (0/1) D:4            Lair (1/6) D:8
    Orc: D:9-12

Altars:
Elyvilon
Fedhas
Gozag
Hepliaklqana
Uskayaw
Wu Jian
Zin

Shops:
D:4 *   D:8 %


Message History

The 14-headed hydra bites you but does no damage.
The 14-headed hydra bites you!
* * * LOW HITPOINT WARNING * * *
You block the 14-headed hydra's attack.
As you read the scroll of teleportation, it crumbles to dust.
You feel strangely unstable. You block the 14-headed hydra's attack.
The 14-headed hydra bites you but does no damage.
The 14-headed hydra bites you.
* * * LOW HITPOINT WARNING * * *
You block the 14-headed hydra's attack. x2
The 14-headed hydra bites you but does no damage. x3
The 14-headed hydra bites you.
* * * LOW HITPOINT WARNING * * *
The 14-headed hydra bites you but does no damage.
You block the 14-headed hydra's attack.
The 14-headed hydra completely misses you.
The 14-headed hydra bites you.
* * * LOW HITPOINT WARNING * * *
The 14-headed hydra bites you!
You die...

............#####.####.##########
.#.#.............................
............PP....####.##########
#.....###P.....P...###(####
....>###.P..PPPPP.P....(..#
...........P..PP.......##.#
#.#####P..PPPP.PPPP..####.#######
#.# ##..P.PP....PP..............
#.# #..P.PP.PP.@PPP........#####
#.####...PP.P..DP..P........#
...........PP..PPPP.........#
......P.P.PPP>PP.PPP........#
....[...PPPPP..PP..P.P###.###
........P.P.P.PPPP.....##'####
.....#.P.PPP.P.PP.PP.........#
.........PPP..P...P.......[..#
..........P..PPP.P.P.........#


You could see a 14-headed hydra.

Vanquished Creatures
  Erica (D:8)
  The ghost of Mirai the Thaumaturge, a novice DECj of Vehumet (D:8)
  An unseen horror (D:9)
  Joseph (D:7)
  A spiny frog (Lair:1)
  A hornet (D:9)
  A hippogriff (D:8)
  Sigmund (D:6)
  5 yaks (D:7)
  A spriggan (D:9)
  Eustachio (D:4)
  Menkaure (D:4)
  A steam dragon (D:9)
  Edmund (D:6)
  Duvessa (D:4)
  A water moccasin (D:7)
  A porcupine (D:8)
  2 black bears
  An ice beast (D:8)
  2 orc warriors
  3 phantoms
  2 sky beasts
  A necrophage (D:7)
  3 ogres
  A centaur (D:8)
  3 crocodiles (D:8)
  2 big kobolds (D:7)
  Blork the orc (D:5)
  5 bullfrogs
  3 scorpions
  Dowan (D:4)
  3 crimson imps (D:5)
  A centaur zombie (D:8)
  An orc priest (D:6)
  A hound (D:8)
  A centaur skeleton (D:4)
  An iguana (D:7)
  5 orc wizards
  3 worker ants
  2 worker ant zombies
  8 adders
  A shadow imp (D:6)
  An ooze (D:6)
  An adder skeleton (D:4)
  4 worms
  2 dart slugs
  5 leopard geckos
  21 orcs
  6 bats
  6 giant cockroaches
  7 goblins
  7 hobgoblins
  8 jackals
  16 kobolds
  3 quokkas
  6 frilled lizards
  8 rats
  A fungus (D:8)
  A plant (D:8)
181 creatures vanquished.

Vanquished Creatures (others)
  A wyvern (D:9)
  4 fungi (D:8)
  A plant (D:8)
6 creatures vanquished.

Grand Total: 187 creatures vanquished

Notes
Turn   | Place    | Note
-------+----------+-------------------------------------------
     0 | D:1      | wotfoxis the Hill Orc Fighter began the quest for the Orb.
     0 | D:1      | Reached XP level 1. HP: 19/19 MP: 1/1
   108 | D:1      | Reached XP level 2. HP: 26/27 MP: 2/2
   152 | D:1      | Reached skill level 3 in Axes
   265 | D:1      | Reached XP level 3. HP: 33/33 MP: 3/3
   641 | D:2      | Found a hide-covered altar of Uskayaw.
   692 | D:2      | Became a worshipper of Uskayaw the Reveler
   806 | D:2      | Reached * piety under Uskayaw
  1009 | D:2      | Reached XP level 4. HP: 40/40 MP: 4/4
  1088 | D:2      | Reached skill level 4 in Axes
  1194 | D:3      | Found a hazy altar of Hepliaklqana.
  1398 | D:4      | Found Migrapp's General Store.
  1409 | D:4      | Reached ** piety under Uskayaw
  1600 | D:4      | Bought a potion of heal wounds for 55 gold pieces
  1652 | D:3      | Reached XP level 5. HP: 22/47 MP: 5/5
  2116 | D:4      | Noticed Menkaure
  2411 | D:4      | Reached skill level 5 in Axes
  2443 | D:4      | Found a staircase to the Ecumenical Temple.
  2493 | D:4      | Noticed Duvessa
  2495 | D:4      | Noticed Dowan
  2771 | D:5      | Entered Level 5 of the Dungeon
  2773 | D:5      | Reached XP level 6. HP: 33/53 MP: 6/6
  3019 | D:5      | Got a heavily runed plate armour
  3030 | D:5      | Identified the +10 plate armour of Narcissism {+Blink rElec rC+ Stlth-} (You found it on level 5 of the Dungeon)
  3067 | D:5      | Learned a level 1 spell: Summon Small Mammal
  3345 | D:5      | Noticed Blork the orc
  3352 | D:5      | Killed Blork the orc
  3352 | D:5      | Reached skill level 6 in Axes
  3385 | D:6      | Noticed an orc warrior
  3404 | D:5      | Reached XP level 7. HP: 53/60 MP: 5/7
  3404 | D:5      | Reached *** piety under Uskayaw
  3414 | D:5      | Reached skill level 5 in Shields
  3565 | D:6      | Noticed Sigmund
  3569 | D:6      | Killed Sigmund
  3569 | D:6      | Reached skill level 7 in Axes
  3569 | D:6      | Reached skill level 5 in Armour
  3571 | D:6      | Reached skill level 5 in Fighting
  3575 | D:6      | Reached **** piety under Uskayaw
  3579 | D:6      | Reached skill level 1 in Spellcasting
  3579 | D:6      | Reached skill level 1 in Summonings
  3582 | D:6      | Reached ***** piety under Uskayaw
  3590 | D:6      | Reached XP level 8. HP: 68/68 MP: 4/9
  3635 | D:6      | Noticed Edmund
  3660 | D:6      | Killed Edmund
  3761 | D:5      | Reached skill level 8 in Axes
  3936 | D:4      | Noticed Eustachio
  3954 | D:4      | Killed Eustachio
  4252 | D:4      | Killed Menkaure
  4329 | D:4      | Reached skill level 9 in Axes
  4518 | D:4      | Killed Dowan
  4524 | D:4      | Killed Duvessa
  4826 | D:7      | Reached XP level 9. HP: 75/75 MP: 10/10
  4892 | D:7      | Found a glowing silver altar of Zin.
  4895 | D:7      | Found a blossoming altar of Fedhas.
  4929 | D:7      | Reached skill level 10 in Axes
  4952 | D:7      | Noticed Joseph
  5005 | D:7      | Killed Joseph
  5248 | D:7      | Reached skill level 11 in Axes
  5258 | D:7      | Reached ****** piety under Uskayaw
  5475 | D:8      | Noticed Mirai's ghost (novice DECj)
  5596 | D:7      | Reached skill level 12 in Axes
  5596 | D:7      | Reached XP level 10. HP: 84/84 MP: 11/11
  5658 | D:8      | Killed Mirai's ghost
  5994 | D:8      | Found a white marble altar of Elyvilon.
  6074 | D:8      | Found an ornate altar of the Wu Jian Council.
  6179 | D:8      | Found a staircase to the Lair.
  6180 | D:8      | Noticed Erica
  6212 | D:8      | Killed Erica
  6212 | D:8      | Reached skill level 13 in Axes
  6714 | D:8      | Found Niyl's Food Shoppe.
  6744 | Lair:1   | Entered Level 1 of the Lair of Beasts
  6744 | Lair:1   | Noticed a spiny frog
  6751 | Lair:1   | Noticed a seven-headed hydra
  6755 | Lair:1   | Killed a spiny frog
  6801 | D:9      | Found an opulent altar of Gozag.
  7008 | D:9      | Killed an unseen horror
  7008 | D:9      | Reached XP level 11. HP: 55/95 MP: 12/12
  7245 | D:9      | Reached skill level 10 in Shields
  7638 | Lair:1   | Noticed a six-headed hydra
  7648 | D:8      | Slain by a 14-headed hydra

Skill      XL: |  1  2  3  4  5  6  7  8  9 10 11 |
---------------+----------------------------------+-----
Fighting       | 4 5 6 8 |  8.9
Axes           | 3 4 5 6 7 9 12 13 | 13.8
Shields        | 4 5 6 8 9 10 | 10.0
Armour         | 4 5 6 7 |  7.9
Spellcasting   | 1 |  1.1
Summonings     | 1 |  1.1

Action                   |  1- 3 |  4- 6 |  7- 9 | 10-12 || total
-------------------------+-------+-------+-------+-------++-------
Melee: War axe           |   123 |   229 |   253 |   267 ||   872
Throw: Throwing net      |       |       |     2 |     1 ||     3
Invok: Stomp             |       |     4 |     3 |       ||     7
       Line Pass         |       |     1 |     2 |     2 ||     5
Evoke: Wand              |       |       |       |     3 ||     3
  Use: Potion            |       |     3 |     3 |     4 ||    10
       Scroll            |       |    13 |       |     2 ||    15
 Stab: Confused          |       |     1 |       |       ||     1
       Paralysed         |       |       |    14 |    10 ||    24
       Invisible         |       |       |     3 |       ||     3
  Eat: Ration            |       |     4 |     3 |     1 ||     8
       Chunk             |       |     1 |     1 |       ||     2
Armor: Scale mail        |    55 |    73 |       |       ||   128
       Plate armour      |       |    63 |   101 |   234 ||   398
Dodge: Dodged            |    39 |    39 |    25 |    44 ||   147
Block: Shield            |    68 |   134 |   188 |   220 ||   610
